 Dungeon Crawl Stone Soup version 0.22-a0-558-gc224181 (webtiles) character file.

3 Amnesiac the Charlatan (level 1, -2/9 HPs)
             Began as a Spriggan Artificer on June 27, 2018.
             Killed by triggering a spear trap (10 damage)
             ... in an ossuary.
             The game lasted 00:01:20 (176 turns).

Amnesiac the Charlatan (Spriggan Artificer)          Turns: 176, Time: 00:01:21

Health: -2/9       AC:  2    Str:  8    XL:     1   Next: 41%
Magic:  4/4        EV: 18    Int: 12    God:
Gold:   6          SH:  0    Dex: 16    Spells: 0/0 levels left

rFire    . . .     SeeInvis +   a - +0 short sword
rCold    . . .     Gourm    .   (shield restricted)
rNeg     . . .     Faith    .   b - +0 robe
rPois    .         Spirit   .   (helmet restricted)
rElec    .         Reflect  .   (no cloak)
rCorr    .         Harm     .   (gloves unavailable)
MR       .....                  (boots unavailable)
Stlth    ++........             (no amulet)
HPRegen  0.03/turn              (no ring)
MPRegen  0.09/turn              (no ring)

@: marked, very quick
A: very small, unfitting armour, see invisible, herbivore, speed 3, slow
metabolism 2
a: no special abilities


You were in an ossuary.
You were not hungry.

You visited 1 branch of the dungeon, and saw 4 of its levels.
You also visited: Ossuary.

You collected 6 gold pieces.

Inventory:

Hand Weapons
 a - a +0 short sword (weapon)
Armour
 b - a +0 robe (worn)
Wands
 c - a wand of flame (15)
 d - a wand of enslavement (15)
 e - a wand of random effects (15)
Scrolls
 g - a scroll of enchant weapon {!r, unknown}
Potions
 h - a potion of heal wounds {!q, unknown}
Comestibles
 f - 2 rations


   Skills:
 - Level 0.7 Fighting
 - Level 1.1 Short Blades
 - Level 3.0 Dodging
 - Level 1.5 Stealth
 + Level 4.3 Evocations


You couldn't memorise any spells.
You didn't know any spells.
Your spell library was empty.

Dungeon Overview and Level Annotations

Branches:
Dungeon (4/15)
 Temple: D:4-7

Altars:


Innate Abilities, Weirdness & Mutations

You are very small and have problems with some larger weapons.
You are too small for most types of armour.
You have supernaturally acute eyesight. (SInv)
You are a herbivore.
You cover ground extremely quickly.
You need to consume almost no food.


Message History

You enter a teleport trap!
The teleport trap disappears.
Your surroundings seem slightly different.
Found a spear.
There is an escape hatch in the floor here.
You slide downwards.
The hatch slams shut behind you.
You hear the hiss of flowing sand.
There is an entrance to an ossuary on this level.
Hurry and find it before the portal is buried!
A giant cockroach and 3 zombies come into view.
Found a viscous amethyst potion.
Found a sand-covered staircase and a stone staircase leading down.
The helpless jackal zombie fails to defend itself.
You puncture the jackal zombie!
You destroy the jackal zombie!
You swing at nothing.
You swing at nothing.
You hit the giant cockroach.
The giant cockroach is severely wounded.
The giant cockroach closely misses you. x2
Found a stone staircase leading up.
Found a stone staircase leading up.
You swing at nothing.
You barely miss the giant cockroach.
The giant cockroach is heavily wounded.
The giant cockroach misses you.
You hit the giant cockroach but do no damage.
The giant cockroach is heavily wounded.
The giant cockroach bites you but does no damage.
A worker ant comes into view.
The worker ant twitches its antennae in your direction.
There is a stone staircase leading up here.
You hit the giant cockroach but do no damage.
The giant cockroach is heavily wounded.
The giant cockroach bites you. The worker ant closely misses you.
There is a stone staircase leading up here.
The worker ant completely misses you.
h - a viscous amethyst potion {!q}
There are no items here.
There is a sand-covered staircase here.
The world spins around you as you enter the gateway.
You enter an ossuary! 2 skeletons come into view.
Found a gate leading back out of this place.
There is an empty arch of ancient stone here.
The helpless orc skeleton fails to defend itself.
You hit the orc skeleton.
You destroy the orc skeleton!
You swing at nothing.
An arrow hits the kobold skeleton!
The kobold skeleton is destroyed!
You swing at nothing.
You swing at nothing.
The alarm trap emits a blaring wail!
A sentinel's mark forms upon you.
You hear a distant blaring wail to the west.
You hear a distant blaring wail to the north.
You hear a distant blaring wail to the west.
You hear a shout!
You hear a distant blaring wail to the southwest.
You hear a distant blaring wail to the west.
You hear a distant blaring wail to the northwest.
A spear shoots out and hits you!
Ouch! That really hurt!
You die...

#..#
#..#
#..##
#..##
#..##
##..##
##.^##
##..##
##@.##
##..##
##∩∩#
####


There were no monsters in sight!

Vanquished Creatures
  A bat (D:1)
  A jackal zombie (D:4)
  An orc skeleton (Ossuary)
  2 rats (D:1)
5 creatures vanquished.

Vanquished Creatures (others)
  A goblin skeleton (Ossuary)
  A kobold skeleton (Ossuary)
2 creatures vanquished.

Grand Total: 7 creatures vanquished

Notes
Turn   | Place    | Note
-------+----------+-------------------------------------------
     0 | D:1      | Amnesiac the Spriggan Artificer began the quest for the Orb.
     0 | D:1      | Reached XP level 1. HP: 9/9 MP: 4/4
   125 | D:4      | Found a sand-covered staircase.
   145 | D:4      | Noticed a worker ant
   161 | Ossuary  | Entered an ossuary
   176 | Ossuary  | Killed by triggering a spear trap

Vault maps used:
D:1:      dpeg_arrival_fog
D:2:      overflow_temple_1_default
D:3:      gammafunk_wand_slinger, okawaru_trees_2, uniq_jessica, uniq_natasha
D:4:      xom_redecorated, first_ration, enter_ossuary_3
Ossuary:  ossuary_due_pyramid

Action                   || total
-------------------------++-------
Melee: Short sword       ||    16
 Stab: Sleeping          ||     2
Armor: Robe              ||     6
Dodge: Dodged            ||    20

Table legend:
 A = Spawn XP
 B = Non-spawn XP
 C = Spawn XP percentage of total XP
 D = Spawn monster count
 E = Non-spawn monster count
 F = Spawn count percentage of total count
 G = Total turns spent on level
                    A         B        C        D         E        F      G
               +---------+---------+-------+---------+---------+-------+---------
         Total |       0 |       5 |   0.0 |       0 |       5 |   0.0 |   176
               +---------+---------+-------+---------+---------+-------+---------
           D:1 |       0 |       3 |   0.0 |       0 |       3 |   0.0 |    72
           D:4 |       0 |       1 |   0.0 |       0 |       1 |   0.0 |    36
       Ossuary |       0 |       1 |   0.0 |       0 |       1 |   0.0 |    15
               +---------+---------+-------+---------+---------+-------+---------
